 Dungeon Crawl Stone Soup version 0.32-a0-468-g38b2580 (webtiles) character file.

Game seed: 5635041956631209928

187 Dorkslayer the Covered (level 5, 0/44 HPs)
             Began as a Demigod Fighter on Feb 24, 2024.
             Slain by a gnoll
             ... wielding a +0 club
              (6 damage)
             ... on level 3 of the Dungeon.
             The game lasted 00:04:32 (1875 turns).

Dorkslayer the Covered (Demigod Fighter)            Turns: 1875, Time: 00:04:33

Health: 0/44       AC:  9    Str: 21    XL:     5   Next: 15%
Magic:  7/7        EV:  8    Int: 10    God:
Gold:   119        SH:  5    Dex: 13    Spells: 4/4 levels left

rFire   . .          .
                       - Unarmed
rCold   . . .        b - +0 buckler
rNeg    . . .        k - +0 chain mail
rPois   +            (no helmet)
rElec   .            (no cloak)
rCorr   .            (no gloves)
SInv    .            (no boots)
Will    .....        (no amulet) Stlth
                     h - ring of poison resistance
HPRegen 0.27/turn    (no ring)
MPRegen 0.10/turn

%: no passive effects
@: no status effects
A: high MP 1, forlorn, divine attributes
a: no special abilities


You were on level 3 of the Dungeon.
You visited 1 branch of the dungeon, and saw 3 of its levels.

You collected 119 gold pieces.

Inventory:

Missiles
 j - 2 boomerangs
Armour
 b - a +0 buckler (worn)
 k - a +0 chain mail (worn)
Jewellery
 h - a ring of poison resistance (left hand)
Talismans
 a - a maw talisman
Scrolls
 e - a scroll of silence {unknown}
 i - a scroll of revelation {unknown}
 l - a scroll of vulnerability {unknown}


   Skills:
 + Level 2.9 Fighting
 + Level 3.4 Armour
 * Level 2.1 Dodging
 + Level 3.3 Shields
 + Level 3.0 Unarmed Combat
 * Level 0.9 Shapeshifting


You had 4 spell levels left.
You didn't know any spells.
Your spell library contained the following spells:

 Spells                   Type           Power      Damage    Failure   Level
 Cause Fear               Hex            0%         N/A       100%        4
 Fireball                 Conj/Fire      0%         3d3       100%        5
 Dragon's Call            Summ           0%         N/A       100%        9


Dungeon Overview and Level Annotations

Branches:
Dungeon (3/15)


Innate Abilities, Weirdness & Mutations

You have an increased reservoir of magic. (+10% MP)
You shall have no god before yourself.
Your divine heritage dramatically boosts your attributes as you level up.


Message History

The adder zombie bites you.
* * * LOW HITPOINT WARNING * * *
The gnoll barely misses you.
You hit the adder zombie.
You destroy the adder zombie!
The gnoll hits you but does no damage.
Throw: throwing net
Press: ? - help, Q - select action, (/) - cycle Shift-Dir - straight line, f - gnoll
Aim: a gnoll, wielding a +0 spear (58% to hit)
You throw a throwing net.
The throwing net barely misses the gnoll.
The gnoll barely misses you. The gnoll barely misses you.
Items here: ( ))) ††.
The gnoll shouts!
You hit the gnoll.
The gnoll is moderately wounded.
The gnoll barely misses you.
You closely miss the gnoll.
The gnoll is moderately wounded.
The gnoll barely misses you.
You hit the gnoll.
The gnoll is heavily wounded.
The gnoll closely misses you.
You completely miss the gnoll.
The gnoll is heavily wounded.
You block the gnoll's attack.
You hit the gnoll but do no damage.
The gnoll is heavily wounded.
The gnoll hits you but does no damage.
You punch the gnoll!
You kill the gnoll!
Your Dodging skill increases to level 2!
You hit the gnoll.
The gnoll is heavily wounded.
The gnoll misses you.
You hit the gnoll.
The gnoll is heavily wounded.
The gnoll hits you with a +0 club.
You die...

......g#.###......##.#
...?.g.g## #......#
....#..#.###.#.##.# #
...SZ##.#.##.# #.#
#...#..(.......# #..
##..###.#.###.#.# #..
#. #.#.# #.##. ## .
#g#.. ... .# P. #@####
.# # #.# #.# #.# #.#
..# #.# ... ...


You could see a gnoll.

Vanquished Creatures
  5 adders
  6 gnolls
  An adder zombie (D:3)
  4 dart slugs
  A ribbon worm (D:2)
  An orc (D:3)
  2 endoplasms
  4 giant cockroaches
  9 goblins
  7 hobgoblins
  6 jackals (D:1)
  6 quokkas
  6 ball pythons
  4 frilled lizards
  7 kobolds
  3 rats (D:1)
72 creatures vanquished.

Notes
Turn   | Place    | Note
-------+----------+-------------------------------------------
     0 | D:1      | Dorkslayer the Demigod Fighter began the quest for the Orb.
     0 | D:1      | Reached XP level 1. HP: 18/18 MP: 3/3
    75 | D:1      | Reached XP level 2. HP: 7/25 MP: 4/4
   325 | D:1      | Reached skill level 1 in Dodging
   553 | D:1      | Reached XP level 3. HP: 30/30 MP: 5/5
  1031 | D:2      | Reached XP level 4. HP: 26/37 MP: 6/6
  1088 | D:2      | Identified the +1 leather armour of Pragmatism {rPois
                  | Str+4}
  1854 | D:3      | Reached XP level 5. HP: 10/44 MP: 7/7
  1857 | D:3      | HP: 2/44 [gnoll/+0 flail (6)]
  1875 | D:3      | Slain by a gnoll

Illustrated notes

Levels and vault maps discovered:
D:1:      dpeg_arrival_pits, layout_basic, minmay_misc_feat_pillars,
          amcnicky_mini_corridor_feature, kennysheep_another_room
D:2:      kennysheep_six_static_rooms, layout_loops_corners,
          ebering_ecumenical_altar_mist, wander_ebering_terrifying_dragon_lair
D:3:      layout_loops_ring, serial_undead, serial_undead_f, serial_undead_a,
          serial_undead_b, serial_undead_d, minmay_diced_spiral

Skill      XL: |  1  2  3  4  5 |
---------------+----------------+-----
Unarmed Combat | 2 3 |  3.0
Dodging        | 1 2 |  2.1
Shields        | 3 |  3.3
Armour         | 3 |  3.4
Fighting       | |  2.9
Shapeshifting  | |  0.9

Action                     |  1- 3 |  4- 6 || total
---------------------------+-------+-------++-------
  Melee: Unarmed           |   218 |    99 ||   317
  Throw: Throwing net      |       |     1 ||     1
    Use: Scroll            |       |     4 ||     4
         Potion            |       |     2 ||     2
 Armour: Scale mail        |    88 |       ||    88
         Chain mail        |    41 |    67 ||   108
  Dodge: Dodged            |    93 |    35 ||   128
  Block: Buckler           |    68 |    20 ||    88

Table legend: (Time is in decaauts)
 A = Elapsed time spent in this place.
 B = Non-inter-level travel time spent in this place.
 C = Inter-level travel time spent in this place.
 D = Time resting spent in this place.
 E = Time spent auto-exploring this place.
 F = Levels seen in this place.
 G = Mean time per level.
                   A        B        C        D        E       F      G
               +--------+--------+--------+--------+--------+-----+--------+
         Total |   1872 |   1872 |      0 |      0 |    888 |   3 |  624.0 |
       Dungeon |   1872 |   1872 |      0 |      0 |    888 |   3 |  624.0 |
               +--------+--------+--------+--------+--------+-----+--------+

Top non-repeatable levels by time:
     D:2: 1104 daAuts
     D:1: 696 daAuts
     D:3: 70 daAuts
